 Dungeon Crawl Stone Soup version 0.28.0-43-g3370ac3207 (webtiles) character file.

Game seed: 9128418970216666941

43 silky the Skirmisher (level 3, 0/30 (34) HPs)
             Began as a Minotaur Chaos Knight on Mar 30, 2022.
             Was a Plaything of Xom.
             Splashed by a jelly's acid (7 damage)
             ... on level 4 of the Dungeon.
             The game lasted 00:03:00 (1101 turns).

silky the Skirmisher (Minotaur Chaos Knight)        Turns: 1101, Time: 00:03:03

HP:   0/30 (34)     AC: -2    Str: 16    XL:     3   Next: 37%
MP:   2/2           EV: 11    Int: 11    God:    Xom [.*....]
Gold: 60            SH:  0    Dex:  9    Spells: 2/2 levels left

rFire   . . .      SeeInvis .   a - +0 mace (chaos)
rCold   . . .      Faith    .   (no shield)
rNeg    . . .      Spirit   .   b - +2 leather armour
rPois   .          Reflect  .   (helmet restricted)
rElec   .          Harm     .   (no cloak)
rCorr   .          Rampage  .   (no gloves)
Will    .....                   (no boots)
Stlth   +.........              (no amulet)
HPRegen 0.10/turn               (no ring)
MPRegen 0.08/turn               (no ring)

@: corroded, heavily drained
A: horns 2, retaliatory headbutt
a: Renounce Religion


You were on level 4 of the Dungeon.
You worshipped Xom.
You were a plaything of Xom.
You visited 1 branch of the dungeon, and saw 3 of its levels.

You collected 60 gold pieces.

Inventory:

Hand Weapons
 a - a +0 mace of chaos (weapon)
Armour
 b - a +2 leather armour (worn)
Scrolls
 c - a scroll of identify {unknown}
Potions
 d - 2 potions of mutation {unknown}
 e - 2 potions of attraction {unknown}


   Skills:
 + Level 4.5 Fighting
 + Level 4.2 Maces & Flails
 + Level 2.7 Armour
 + Level 1.5 Dodging


You had 2 spell levels left.
You didn't know any spells.
Your spell library was empty.

Dungeon Overview and Level Annotations

Branches:
Dungeon (2/15)

Altars:


Innate Abilities, Weirdness & Mutations

You have a pair of horns on your head.
You reflexively headbutt those who attack you in melee.


Message History

The worm is severely wounded.
You sock the worm!
You kill the worm!
A rat comes into view.
There is an open door here.
You closely miss the rat. The rat bites you but does no damage.
You hit the rat but do no damage. You drain the rat.
You kill the rat! "Where it stops, nobody knows!"
Your surroundings suddenly seem different.
Found a stone staircase leading down.
Your surroundings suddenly seem different.
A kobold comes into view. It is wielding a +0 club.
Found seven items.
Your surroundings suddenly seem different.
Your surroundings suddenly seem different.
An adder comes into view.
Found a fuming silvery potion.
A sourceless malevolence fills the Dungeon...
You fall into a shaft and drop 2 floors!
The shaft crumbles and collapses.
Xom is interested.
Found a stone staircase leading down.
A jelly comes into view.
The jelly quivers.
The jelly barely misses you.
You hit the jelly but do no damage.
Your hands burn!
The jelly jiggles.
The jelly hits you. The acid corrodes you!
You are splashed with acid!
You hit the jelly but do no damage.
Your hands burn!
The jelly blinks!
Found 21 gold pieces.
The jelly closely misses you.
You hit the jelly. You burn the jelly.
Your hands burn!
* * * LOW HITPOINT WARNING * * *
You headbutt the jelly.
The jelly is moderately wounded.
The jelly hits you.
* * * LOW HITPOINT WARNING * * *
The acid corrodes you!
You are splashed with acid!
You die...
Xom laughs nastily!

#. .... #.>
. .# #..##.
.# #..... .#
#.##.##.#
#.......#
##....###
#..J#.#
#...@##
##..........
#..####...$
#..# ## ...#
.###. .# #
#.


You could see a jelly.

Vanquished Creatures
  A worm (D:2)
  A dart slug (D:2)
  3 ball pythons
  A giant cockroach (D:1)
  3 goblins
  4 hobgoblins (D:1)
  5 jackals (D:1)
  A quokka (D:1)
  7 bats (D:1)
  3 frilled lizards (D:1)
  8 rats
37 creatures vanquished.

Notes
Turn   | Place    | Note
-------+----------+-------------------------------------------
     0 | D:1      | silky the Minotaur Chaos Knight began the quest for the
                  | Orb.
     0 | D:1      | Reached XP level 1. HP: 19/19 MP: 0/0
    97 | D:1      | XOM is BORED!
    97 | D:1      | XOM: silly message
   113 | D:1      | XOM: silly message
   133 | D:1      | XOM: divination: detect items
   136 | D:1      | XOM: enchant monster (bad)
   139 | D:1      | Reached XP level 2. HP: 22/27 MP: 1/1
   555 | D:1      | Reached XP level 3. HP: 34/34 MP: 2/2
   703 | D:1      | Found a faded altar of an unknown god.
   776 | D:1      | XOM: draining
   920 | D:2      | XOM: noise
  1093 | D:2      | XOM: 4-stop teleportation journey
  1094 | D:2      | You fall into a shaft and drop 2 floors!
  1101 | D:4      | Splashed by a jelly's acid

Illustrated notes

Levels and vault maps discovered:
D:1:      shiori_arrival_elements, layout_basic,
          chequers_ecumenical_altar_island, st_stairs_1,
          hangedman_abyss_or_decor_stabs
D:2:      layout_loops_corners, due_unseen_surprise, uniq_jessica
D:4:      kennysheep_spiral_hall, layout_loops_cross,
          nicolae_overflow_hidden_temple

Skill      XL: |  1  2 |
---------------+-------+-----
Fighting       | 4 |  4.5
Maces & Flails | 4 |  4.2
Armour         | |  2.7
Dodging        | |  1.5

Action                   || total
-------------------------++-------
Melee: Mace              ||    62
       Headbutt          ||     6
Armor: Leather armour    ||    32
Dodge: Dodged            ||    70
